 Dungeon Crawl Stone Soup version 0.31.0-32-g396128a36d (webtiles) character file.

Game seed: 18097190119028661250

30936 Jinxx the Frost Mage (level 13, -11/93 HPs)
             Began as a Demonspawn Ice Elementalist on Apr 5, 2024.
             Was an Elder of Qazlal.
             Mangled by Asterion
             ... wielding a +1 spectral demon whip
              (12 damage)
             ... on level 2 of the Snake Pit.
             The game lasted 01:19:45 (13837 turns).

Jinxx the Frost Mage (Demonspawn Ice Elementalist) Turns: 13837, Time: 01:19:45

Health: -11/93     AC: 23    Str: 15    XL:     13   Next: 23%
Magic:  16/36      EV: 15    Int: 27    God:    Qazlal [****..]
Gold:   724        SH:  5    Dex: 15    Spells: 7/30 levels left

rFire   . . .        i - +5 long sword (freeze)
rCold   . . .        (no shield)
rNeg    + + +        G - +2 robe {rN+}
rPois   +            n - +3 hat of Pondering {ponderous, Will+ MP+10 Int+5}
rElec   .            (no cloak)
rCorr   .            (gloves unavailable)
SInv    .            b - +0 pair of boots of Pitemn {rPois rN++ Str-4 Dex+3}
Will    +....        A - amulet of regeneration
Stlth   +            f - +4 ring of protection
HPRegen 1.15/turn    p - +6 ring of strength
MPRegen 0.25/turn

%: repel missiles, clarity
@: ice-armoured, freezing walls, studying Armour, slow
A: claws 3, foul stench 1, powered by death 1, sharp scales 1, clarity, clever
1, strong 1, sturdy frame 1
a: Renounce Religion, Upheaval, Elemental Force


You were on level 2 of the Snake Pit.
You worshipped Qazlal.
Qazlal was greatly pleased with you.
You visited 4 branches of the dungeon, and saw 13 of its levels.
You also visited: Bailey.

You collected 822 gold pieces.
You spent 98 gold pieces at shops.

Inventory:

Hand Weapons
 i - a +5 long sword of freezing (weapon)
Missiles
 y - 4 darts of dispersal
 F - a throwing net
 R - 3 curare-tipped darts
 S - 4 poisoned darts
 V - 4 silver javelins
Armour
 b - the +0 pair of boots of Pitemn (worn) {rPois rN++ Str-4 Dex+3}
   (You found it on level 1 of the Lair of Beasts)

   Str-4:     It affects your strength (-4).
   Dex+3:     It affects your dexterity (+3).
   rPois:     It protects you from poison rN++: It greatly protects you from
   negative energy.
 n - the +3 hat of Pondering (worn) {ponderous, Will+ MP+10 Int+5}
   (You took it off Gastronok on level 1 of the Lair of Beasts)

   Int+5:     It affects your intelligence (+5).
   Will+:     It increases your willpower.
   MP+10:     It affects your magic capacity (+10).
 G - a +2 robe of positive energy (worn)
Jewellery
 c - a ring of see invisible
 e - a ring of resist corrosion
 f - a +4 ring of protection (left claw)
 p - a +6 ring of strength (right claw)
 t - a +5 ring of evasion
 A - an amulet of regeneration (around neck)
Wands
 g - a wand of charming (5)
 u - a wand of acid (2)
 P - a wand of iceblast (3)
 Q - a wand of digging (8)
Scrolls
 a - a scroll of torment {unknown}
 j - a scroll of revelation {unknown}
 l - a scroll of fog {unknown}
 m - 2 scrolls of immolation {unknown}
 q - 3 scrolls of silence
 s - 2 scrolls of noise
 v - a scroll of fear {unknown}
 w - 2 scrolls of teleportation
 x - a scroll of amnesia {unknown}
 E - 2 scrolls of brand weapon {unknown}
 H - 3 scrolls of identify
 I - a scroll of enchant armour {unknown}
 L - a scroll of enchant weapon {unknown}
 O - a scroll of blinking {unknown}
 W - 2 scrolls of vulnerability
Potions
 d - a potion of might
 h - a potion of attraction {unknown}
 k - a potion of mutation
 o - 4 potions of lignification
 r - 2 potions of degeneration
 z - a potion of curing
 C - a potion of enlightenment {unknown}
 D - a potion of cancellation
 J - a potion of resistance {unknown}
 K - a potion of brilliance {unknown}
 M - a potion of experience {unknown}
 U - 2 potions of ambrosia {unknown}
Miscellaneous
 N - a phantom mirror


   Skills:
 * Level 6.1 Fighting
 + Level 2.5(3.7) Short Blades
 * Level 4.2(4.5) Long Blades
 + Level 3.0 Maces & Flails
 + Level 1.1 Throwing
 * Level 7.5 Armour
 * Level 6.8 Dodging
 + Level 2.6 Stealth
 + Level 1.6 Shields
 * Level 9.2 Spellcasting
 * Level 5.8 Conjurations
 * Level 9.6 Ice Magic
 * Level 4.7 Air Magic
 * Level 5.0 Alchemy
 * Level 6.8 Invocations
 * Level 5.5 Evocations


You had 7 spell levels left.
You knew the following spells:

 Your Spells              Type           Power      Damage    Failure   Level
a - Freeze                Ice            100%       1d10      1%          1
b - Frozen Ramparts       Ice            100%       1d16      1%          3
c - Ozocubu's Armour      Ice            59%        N/A       1%          3
d - Searing Ray           Conj           88%        2d7       1%          2
e - Fulminant Prism       Conj/Alch      21%        3d12      4%          4
f - Mephitic Cloud        Conj/Alch/Air  40%        N/A       1%          3
g - Mercury Vapours       Alch/Air       76%        N/A       1%          2
h - Freezing Cloud        Conj/Ice/Air   24%        6-21      9%          5

Your spell library contained the following spells:

 Spells                   Type           Power      Damage    Failure   Level
 Magic Dart               Conj           100%       1d8       1%          1
 Summon Ice Beast         Ice/Summ       38%        N/A       1%          3
 Sublimation of Blood     Necr           12%        N/A       7%          2
 Irradiate                Conj/Alch      21%        3d18      14%         5
 Ignite Poison            Fire/Alch      26%        N/A       16%         4
 Petrify                  Alch/Erth      26%        N/A       16%         4
 Sticky Flame             Fire/Alch      26%        2d6       16%         4
 Ignition                 Fire           6%         3d4       100%        8


Dungeon Overview and Level Annotations

Branches:
Dungeon (8/15)             Temple (1/1) D:5            Lair (2/5) D:8
  Snake (2/4) Lair:2       Bailey (visited)
  Swamp: Lair:2-3    Shoals: Lair:2-3

Altars:
Ashenzari
Cheibriados
Dithmenos
Fedhas
Gozag
Makhleb
Nemelex Xobeh
Okawaru
Qazlal
Ru
Sif Muna
Uskayaw
Vehumet

Shops:
D:1 :   D:4 (   D:5 *   Snake:1 *

Annotations:
Snake:2 Asterion


Innate Abilities, Weirdness & Mutations

You have claws for hands.
You may rarely emit foul miasma when damaged in melee.
You regenerate a little health from kills.
You are partially covered in razor-sharp scales. (AC +1, Slay +1)
You possess an exceptional clarity of mind.
Your mind is acute. (Int +4, Str/Dex -1)
Your muscles are strong. (Str +4, Int/Dex -1)
Your movements are slightly less encumbered by armour. (ER -2)


Message History

The wall freezes Asterion!
Asterion hits you with a +1 spectral demon whip!
* * * LOW HITPOINT WARNING * * *
The +1 spectral demon whip hits you!
* * * LOW HITPOINT WARNING * * *
You block Asterion's attack.
A +1 spectral demon whip comes into view.
You feel much better.
Asterion is engulfed in freezing vapours.
The wall freezes Asterion.
Asterion conjures a destructive force in the name of Makhleb!
The bolt of fire hits you!!
* * * LOW HITPOINT WARNING * * *
The heat melts your icy armour.
Okay, then.
Aiming: Searing Ray (safe; 1% risk of failure)
Press: ? - help, Q - select action, (/) - cycle Shift-Dir - straight line, f - Asterion
Aim: Asterion, wielding a +1 spectral demon whip, wearing a +2 chain mail of willpower and wearing a +0 kite shield (freezing vapour, severely wounded, fast, 100% to hit)
Okay, then.
Unknown command.
Casting: Searing Ray (safe; 1% risk of failure)
Confirm with . or Enter, or press ? or * to list all spells.
Okay, then.
Okay, then.
Casting: Searing Ray (safe; 1% risk of failure)
Confirm with . or Enter, or press ? or * to list all spells.
Aiming: Freeze (safe; 1% risk of failure)
Press: ? - help, Shift-Dir - straight line, f - Asterion
Aim: Asterion, wielding a +1 spectral demon whip, wearing a +2 chain mail of willpower and wearing a +0 kite shield (freezing vapour, severely wounded, fast)
You freeze Asterion.
Asterion is severely wounded.
The +1 spectral demon whip disappears.
Asterion is engulfed in freezing vapours.
The wall freezes Asterion but does no damage.
Asterion hits you with a +1 spectral demon whip!
* * * LOW HITPOINT WARNING * * *
The +1 spectral demon whip barely misses you.
Asterion gores you!
You die...
Asterion screams, "The power of Makhleb!"

#.........###
##..........###
#......†.....##...
#.................
#.................
#.................
#§................
#§................
#@§............... ##.
#H(○..............
.....###§§○..............
.......§§§..............
.......N.°§............
......................
.....................
....................
..H.....###########


You could see Asterion (fast), a naga and a +1 spectral demon whip.

Vanquished Creatures
  Gastronok (Lair:1)
  A catoblepas (Lair:2)
  2 hydras (Lair:2)
  3 death yaks (D:8)
  6 naga sharpshooters
  3 naga warriors
  2 shock serpents
  A skyshark (Lair:2)
  A naga ritualist (Snake:2)
  A mana viper (Snake:2)
  Pikel (D:7)
  A deep elf zephyrmancer (Bailey)
  An orc knight (Bailey)
  2 salamanders
  A naga mage (Snake:1)
  9 black mambas
  4 cane toads
  5 komodo dragons
  A polar bear (Lair:1)
  6 blink frogs (Lair:2)
  Grinder (D:3)
  26 yaks
  3 wyverns
  Grum (Lair:1)
  3 steam dragons
  8 nagas
  6 water moccasins
  3 ice beasts
  2 ogres (D:5)
  4 orc warriors (Bailey)
  3 wolves
  A phantom (D:4)
  4 lemures (D:7)
  A kobold brigand (D:7)
  5 bullfrogs
  5 scorpions
  7 wights (D:8)
  3 killer bees (D:8)
  A jelly (D:7)
  A quasit (D:7)
  A bombardier beetle (D:5)
  3 lava snakes (Lair:2)
  A gnoll bouda (D:6)
  An orc priest (D:6)
  4 sleepcaps
  A hound (D:6)
  8 orc wizards
  2 iguanas
  10 gnolls
  11 adders
  2 shadow imps
  3 white imps (D:7)
  6 ufetubi
  3 dart slugs
  7 ribbon worms
  26 orcs
  7 ball pythons
  4 endoplasms
  4 giant cockroaches
  9 hobgoblins
  A quokka (D:5)
  3 bats
  5 frilled lizards
  8 goblins
  12 kobolds
  6 rats
288 creatures vanquished.

Vanquished Creatures (others)
  A black mamba (Snake:2)
  A fulminant prism (Lair:2)
2 creatures vanquished.

Grand Total: 290 creatures vanquished

Notes
Turn   | Place    | Note
-------+----------+-------------------------------------------
     0 | D:1      | Jinxx the Demonspawn Ice Elementalist began the quest for
                  | the Orb.
     0 | D:1      | Reached XP level 1. HP: 13/13 MP: 3/3
   142 | D:1      | Found Nuysabir's Book Shoppe.
   259 | D:1      | Gained mutation: You regenerate a little health from kills.
                  | [demonic ancestry]
   259 | D:1      | Reached XP level 2. HP: 19/19 MP: 5/5
   705 | D:2      | Reached XP level 3. HP: 25/25 MP: 1/6
   832 | D:2      | Learned a level 3 spell: Frozen Ramparts
  1391 | D:2      | Gained mutation: You have sharp fingernails. [demonic
                  | ancestry]
  1391 | D:2      | Reached XP level 4. HP: 31/31 MP: 4/7
  1727 | D:3      | Reached skill level 1 in Fighting
  1736 | D:3      | Reached skill level 1 in Short Blades
  1736 | D:3      | Reached skill level 1 in Armour
  2106 | D:3      | Noticed Grinder
  2113 | D:3      | Paralysed by Grinder for 3 turns
  2220 | D:3      | Learned a level 3 spell: Ozocubu's Armour
  2256 | D:3      | Noticed a scorpion
  2263 | D:3      | Reached XP level 5. HP: 37/37 MP: 2/9
  2647 | D:3      | Paralysed by Grinder for 4 turns
  2770 | D:3      | Killed Grinder
  2771 | D:3      | Reached XP level 6. HP: 36/44 MP: 0/11
  2774 | D:3      | Learned a level 2 spell: Searing Ray
  3514 | D:4      | Reached skill level 5 in Ice Magic
  3514 | D:4      | Reached XP level 7. HP: 50/50 MP: 0/12
  4025 | D:4      | Found Giyn's Antique Weapon Boutique.
  4096 | D:5      | Entered Level 5 of the Dungeon
  4123 | D:5      | Reached skill level 1 in Conjurations
  4416 | D:5      | Found a staircase to the Ecumenical Temple.
  4423 | Temple   | Entered the Ecumenical Temple
  4450 | Temple   | Became a worshipper of Qazlal Stormbringer
  4682 | D:5      | Found Aaziszibo's Alliterative Accessories.
  4872 | D:5      | Found a sacrificial altar of Ru.
  5284 | D:6      | Gained mutation: You have very sharp fingernails. [demonic
                  | ancestry]
  5284 | D:6      | Reached XP level 8. HP: 51/57 MP: 7/14
  6041 | D:6      | Reached skill level 1 in Evocations
  6114 | D:6      | Reached skill level 5 in Spellcasting
  6119 | D:6      | Reached skill level 1 in Invocations
  6340 | D:6      | Reached * piety under Qazlal
  6587 | D:6      | Found a radiant altar of Vehumet.
  6638 | D:7      | Noticed Pikel
  6660 | D:7      | Gained mutation: Your movements are slightly less
                  | encumbered by armour. (ER -2) [potion of mutation]
  6660 | D:7      | Gained mutation: Your mind is acute. (Int +4, Str/Dex -1)
                  | [potion of mutation]
  6660 | D:7      | Gained mutation: You possess an exceptional clarity of
                  | mind. [potion of mutation]
  6660 | D:7      | Gained mutation: Your muscles are strong. (Str +4, Int/Dex
                  | -1) [potion of mutation]
  6679 | D:7      | Killed Pikel
  6680 | D:7      | Reached skill level 1 in Maces & Flails
  6680 | D:7      | Gained mutation: You are partially covered in razor-sharp
                  | scales. (AC +1, Slay +1) [demonic ancestry]
  6680 | D:7      | Reached XP level 9. HP: 31/64 MP: 2/16
  7212 | D:7      | Learned a level 4 spell: Fulminant Prism
  7493 | D:7      | Found a shimmering blue altar of Sif Muna.
  7648 | D:8      | Learned a level 3 spell: Mephitic Cloud
  7687 | D:8      | Found a flagged portal.
  7705 | Bailey   | Entered a bailey
  7850 | Bailey   | Noticed an orc knight
  7861 | Bailey   | Killed an orc knight
  7979 | Bailey   | Learned a level 2 spell: Mercury Vapours
  8011 | Bailey   | Found a large runed translucent door.
  8011 | Bailey   | Found a large runed translucent door.
  8029 | Bailey   | Noticed a deep elf zephyrmancer
  8069 | Bailey   | Killed a deep elf zephyrmancer
  8070 | Bailey   | Reached skill level 5 in Dodging
  8070 | Bailey   | Reached skill level 1 in Air Magic
  8070 | Bailey   | Reached skill level 1 in Alchemy
  8070 | Bailey   | Gained mutation: You have claws for hands. [demonic
                  | ancestry]
  8070 | Bailey   | Reached XP level 10. HP: 71/71 MP: 12/19
  8097 | Bailey   | Identified the +0 leather armour of the Constellations
                  | {rCorr Dex+6}
  8201 | D:8      | Found a staircase to the Lair.
  8205 | D:8      | Noticed a death yak
  8208 | D:8      | Noticed a death yak
  8210 | D:8      | Noticed a death yak
  8235 | D:8      | Killed a death yak
  8243 | D:8      | Killed a death yak
  8243 | D:8      | Reached ** piety under Qazlal
  8904 | D:8      | Killed a death yak
  8909 | D:8      | Reached skill level 5 in Armour
  9026 | D:8      | Found a snail-covered altar of Cheibriados.
  9402 | Lair:1   | Entered Level 1 of the Lair of Beasts
  9407 | Lair:1   | Reached skill level 1 in Shields
  9411 | Lair:1   | Reached XP level 11. HP: 76/78 MP: 12/21
  9572 | Lair:1   | Reached skill level 1 in Long Blades
  9794 | Lair:1   | Noticed Gastronok
  9816 | Lair:1   | Noticed Grum
  9827 | Lair:1   | Killed Grum
  9831 | Lair:1   | Reached *** piety under Qazlal
  9832 | Lair:1   | Reached skill level 5 in Invocations
  9866 | Lair:1   | Killed Gastronok
 10037 | Lair:1   | Reached skill level 1 in Throwing
 10537 | Lair:1   | Identified the +0 pair of boots of Pitemn {rPois rN++ Str-4
                  | Dex+3}
 10636 | Lair:2   | Noticed a five-headed hydra
 10646 | Lair:2   | Killed a five-headed hydra
 10819 | Lair:2   | Noticed a skyshark
 10826 | Lair:2   | Killed a skyshark
 10954 | Lair:2   | Noticed a catoblepas
 10970 | Lair:2   | Killed a catoblepas
 10971 | Lair:2   | Reached skill level 5 in Fighting
 11097 | Lair:2   | Reached skill level 5 in Conjurations
 11097 | Lair:2   | Reached XP level 12. HP: 71/86 MP: 11/24
 11296 | Lair:2   | Noticed a six-headed hydra
 11305 | Lair:2   | Killed a seven-headed hydra
 11558 | Lair:2   | Found a staircase to the Snake Pit.
 11724 | Lair:2   | Learned a level 5 spell: Freezing Cloud
 11828 | Lair:2   | Reached **** piety under Qazlal
 12192 | Snake:1  | Entered Level 1 of the Snake Pit
 12243 | Snake:1  | Reached skill level 5 in Evocations
 12462 | Snake:1  | Noticed a naga warrior
 12473 | Snake:1  | Killed a naga warrior
 12890 | Snake:1  | Found Gilluwosk's General Store.
 12899 | Snake:1  | Bought a potion of curing for 42 gold pieces
 12899 | Snake:1  | Bought a scroll of vulnerability for 56 gold pieces
 12961 | Snake:1  | Noticed a naga warrior
 12967 | Snake:1  | Killed a naga warrior
 13382 | Snake:2  | Gained mutation: You may rarely emit foul miasma when
                  | damaged in melee. [demonic ancestry]
 13382 | Snake:2  | Reached XP level 13. HP: 61/93 MP: 19/25
 13608 | Snake:2  | Reached skill level 5 in Alchemy
 13821 | Snake:2  | Noticed Asterion
 13837 | Snake:2  | HP: 1/93 [Asterion/+1 spectral demon whip (8)]
 13837 | Snake:2  | Mangled by Asterion

Illustrated notes

Levels and vault maps discovered:
D:1:      nagdon_arrival_zigzag_paths, layout_basic, serial_shops, shop
D:2:      layout_loops_ring, grunt_ministairs_4, minmay_misc_feat_secret_circle,
          chequers_serial_rivers_large_a
D:3:      layout_basic, uniq_grinder
D:4:      layout_gridville, serial_shops, nicolae_shop_behind_doors
D:5:      layout_rooms, nicolae_ru_the_path_less_chosen,
          minmay_temple_entry_ruins, glass_columns_a, nicolae_alphabet_shops
D:6:      layout_basic, nicolae_overflow_hidden_temple
D:7:      layout_basic, lemuel_coloured_pillars_altar, serial_demonic,
          serial_demonic_d, serial_demonic_b, serial_demonic_f,
          serial_demonic_g, uniq_pikel
D:8:      layout_cave_pods, slow_altar_2, dpeg_lair_monsters, enter_bailey_2
Temple:   hc_temple_tempest_star
Lair:1:   layout_long_grid, serial_bayou_shore_b, uniq_grum, uniq_gastronok
Lair:2:   layout_regular_city, nicolae_snake_entry_warm_welcome, st_stairs_11,
          grunt_megastairs_3
Snake:1:  layout_concentric_octagons, serial_shops,
          nicolae_shop_getting_attention
Snake:2:  layout_onion, serial_shops,
          nicolae_shop_temple_entry_statues_fountains, st_stairs_4,
          grunt_megastairs_1, uniq_aizul, uniq_asterion

Skill      XL: |  1  2  3  4  5  6  7  8  9 10 11 12 13 |
---------------+----------------------------------------+-----
Ice Magic      | 4 5 6 7 8 9 |  9.6
Dodging        | 2 3 4 5 6 |  6.8
Fighting       | 1 2 3 4 5 6 |  6.1
Short Blades   | 1 2 |  2.5
Armour         | 1 2 3 5 6 7 |  7.5
Stealth        | 2 |  2.6
Spellcasting   | 3 4 5 6 7 8 9 |  9.2
Conjurations   | 1 2 3 4 5 |  5.8
Evocations     | 2 3 4 5 |  5.5
Invocations    | 3 4 5 6 |  6.8
Maces & Flails | 1 2 3 |  3.0
Air Magic      | 1 2 3 4 |  4.7
Alchemy        | 1 2 3 4 5 |  5.0
Shields        | 1 |  1.6
Long Blades    | 2 3 4 |  4.2
Throwing       | 1 |  1.1

Action                     |  1- 3 |  4- 6 |  7- 9 | 10-12 | 13-15 || total
---------------------------+-------+-------+-------+-------+-------++-------
  Melee: Dagger            |    84 |   126 |    78 |       |       ||   288
         Spear             |     4 |       |       |       |       ||     4
         Punch             |     1 |       |     1 |     6 |       ||     8
         Whip              |       |       |   115 |    68 |       ||   183
         Long sword        |       |       |       |   153 |    15 ||   168
  Throw: Javelin           |       |     4 |    14 |    19 |       ||    37
         Boomerang         |       |       |     7 |    13 |       ||    20
         Dart              |       |       |       |     5 |       ||     5
   Cast: Freeze            |    26 |    20 |    13 |    53 |     1 ||   113
         Frozen Ramparts   |     1 |    14 |    37 |    48 |     5 ||   105
         Ozocubu's Armour  |       |     7 |    27 |    32 |     6 ||    72
         Searing Ray       |       |     2 |    12 |    25 |     8 ||    47
         Mephitic Cloud    |       |       |       |     7 |     1 ||     8
         Mercury Vapours   |       |       |       |     4 |       ||     4
         Fulminant Prism   |       |       |       |     1 |       ||     1
         Freezing Cloud    |       |       |       |    15 |     4 ||    19
  Evoke: Wand              |       |       |     5 |     4 |       ||     9
    Use: Scroll            |       |       |     4 |     5 |       ||     9
         Potion            |       |       |     8 |     5 |     1 ||    14
   Stab: Sleeping          |     2 |     5 |     1 |       |       ||     8
         Confused          |       |       |       |     1 |       ||     1
 Armour: Robe              |    45 |    69 |   268 |   246 |    32 ||   660
  Dodge: Dodged            |    56 |    74 |   265 |   209 |    26 ||   630
         Repelled          |       |       |       |     3 |     1 ||     4
  Block: Other             |       |       |    12 |    42 |     9 ||    63
